 Dungeon Crawl Stone Soup version 0.16-a0-2296-gdce89d5 (webtiles) character file.

3156 ztt the Protected (level 9, 0/81 HPs)
             Began as a Minotaur Fighter on Nov 16, 2014.
             Was a Believer of Okawaru.
             Killed by the air
             ... invoked by Gastronok
              (35 damage)
             ... on level 8 of the Dungeon.
             The game lasted 00:12:20 (5507 turns).

ztt the Protected (Minotaur Fighter)                Turns: 5507, Time: 00:12:20

Health: 0/81       AC: 17    Str: 25    XL:     9   Next: 62%
Magic:  4/4        EV:  6    Int:  5    God:    Okawaru [**....]
Gold:   61         SH: 11    Dex:  9    Spells: 0 memorised, 8 levels left

rFire  . . .     SeeInvis .     a - +0 war axe
rCold  . . .     Clarity  .     e - +1 chain mail
rNeg   . . .     SustAb   .     c - +0 shield
rPois  .         Gourm    .     (helmet restricted)
rElec  .         Spirit   .     (no cloak)
rCorr  .         Warding  .     v - +0 pair of gloves
rMut   .         Stasis   .     h - +2 pair of boots {Fly}
MR     .....                    (no amulet)
Stlth  ..........               l - ring of invisibility
                                y - ring of stealth

@: flying, slowed, very slow, not resistant to hostile enchantments, extremely
unstealthy
A: retaliatory headbutt, horns 2, rugged brown scales 1
a: Heroism, Renounce Religion, Evoke Invisibility, Stop Flying


You were on level 8 of the Dungeon.
You worshipped Okawaru.
Okawaru was pleased with you.
You were not hungry.

You visited 2 branches of the dungeon, and saw 9 of its levels.

You collected 313 gold pieces.
You spent 252 gold pieces at shops.

Inventory:

Hand weapons
 a - a +0 war axe (weapon)
 o - a +0 battleaxe of venom
Armour
 c - a +0 shield (worn)
 e - a +1 chain mail (worn)
 h - a +2 pair of boots of flying (worn)
 v - a +0 pair of gloves (worn)
Jewellery
 i - an uncursed ring of fire
 l - a ring of invisibility (right hand)
 x - a cursed -5 ring of slaying {unknown}
 y - a ring of stealth (left hand)
Magical devices
 p - a wand of teleportation (5)
 w - a wand of digging (9)
 z - a wand of lightning (9)
Scrolls
 b - a scroll of fog
 n - a scroll of teleportation
 u - a scroll of identify
Potions
 j - a potion of restore abilities
 k - a potion of haste
 m - 2 potions of magic
 q - 2 potions of brilliance
 s - a potion of cancellation
 t - 2 potions of lignification {unknown}
Books
 r - a book of Power

   Spells                             Type                      Level
   Fulminant Prism                    Conjuration/Hexes            4
   Iskenderun's Mystic Blast          Conjuration                  4
   Venom Bolt                         Conjuration/Poison           5
   Bolt of Magma                      Conjuration/Fire/Earth       5
   Iron Shot                          Conjuration/Earth            6
   Orb of Destruction                 Conjuration                  7
Comestibles
 d - 4 bread rations
 f - 2 beef jerkies
 g - 7 slices of pizza
 A - a meat ration


   Skills:
 + Level 7.2 Fighting
 + Level 7.9 Axes
 + Level 8.5 Armour
 + Level 7.1 Dodging
 + Level 0.8 Stealth
 + Level 7.5 Shields


You had 8 spell levels left.
You didn't know any spells.

Dungeon Overview and Level Annotations

Branches:
Dungeon (8/15)             Temple (1/1) D:5
   Lair: D:8-11

Altars:
Ashenzari
Cheibriados
Dithmenos
Elyvilon
Fedhas
Gozag
Kikubaaqudgha
Makhleb
Nemelex Xobeh
Okawaru
Qazlal
Ru
Sif Muna
Trog
Vehumet
Xom
Yredelemnul
Zin
The Shining One

Shops:
D:4 [   D:8 :[[*

Annotations:
D:8 Gastronok


Innate Abilities, Weirdness & Mutations

You reflexively headbutt those who attack you in melee.
You have a pair of horns on your head.
You are partially covered in rugged brown scales (AC +1, +3% HP).


Message History

Gastronok looks at you while chanting.
You barely resist. You slash Gastronok!
Gastronok is severely wounded.
You block Gastronok's attack.
Gastronok is nearby!
You slash Gastronok! You headbutt Gastronok.
Gastronok is severely wounded.
Gastronok is nearby!
You hit Gastronok.
Gastronok is almost dead.
Gastronok looks at you and mumbles some strange words.
You feel as though you will be slow longer.
Gastronok is nearby!
You hit Gastronok.
You headbutt Gastronok, but do no damage.
Gastronok is almost dead.
Gastronok waves his eye-stalks in wide circles.
The air twists around and violently strikes you in flight!
You die...

# #.# ..# .# ..
.## #.# #..###
#..##...... ##
#w......# #..##
#@....#
#..##.....#
#..>....#
##..##...## #.
#....##...###.##
#.##..###....#..#
## ##...........##
##
#............###.
##.####...........


You could see Gastronok.

Vanquished Creatures
  Grinder (D:6)
  A hog (D:7)
  A human (D:7)
  Grum (D:8)
  A yak (D:7)
  2 wolves
  The ghost of Kraw the Sneak, an average HaAs (D:3)
  2 orc warriors
  4 ogres
  Blork the orc (D:4)
  2 giant frogs
  2 scorpions
  5 crimson imps
  A jelly (D:5)
  A quasit (D:8)
  A giant frog zombie (D:4)
  A centaur skeleton (D:7)
  5 hounds
  A giant frog skeleton (D:4)
  6 orc wizards
  3 orc priests (D:4)
  A human skeleton (D:7)
  An iguana (D:8)
  2 worker ants
  2 sheep (D:7)
  Ijyb (D:6)
  Jessica (D:2)
  A hound zombie (D:8)
  2 worker ant zombies
  3 gnolls (D:3)
  14 adders
  A shadow imp (D:8)
  A giant mite (D:3)
  3 worms
  An adder skeleton (D:4)
  22 orcs
  A giant cockroach (D:3)
  7 goblins
  4 hobgoblins
  8 kobolds
  5 quokkas
  A ball python (D:4)
  11 bats
  2 giant geckos
  4 giant newts
  7 jackals
  A jackal zombie (D:7)
  A kobold skeleton (D:7)
  5 rats
156 creatures vanquished.

Vanquished Creatures (others)
  A human (D:7)
1 creature vanquished.

Grand Total: 157 creatures vanquished

Notes
Turn   | Place    | Note
--------------------------------------------------------------
     0 | D:1      | ztt, the Minotaur Fighter, began the quest for the Orb.
     0 | D:1      | Reached XP level 1. HP: 19/19 MP: 1/1
   293 | D:2      | Reached XP level 2. HP: 27/27 MP: 1/1
   314 | D:2      | Reached skill level 4 in Shields
   316 | D:2      | Noticed Jessica
   320 | D:2      | Killed Jessica
   320 | D:2      | Reached XP level 3. HP: 23/33 MP: 2/2
   785 | D:2      | Reached XP level 4. HP: 40/40 MP: 2/2
   927 | D:3      | Noticed Kraw's ghost (average HaAs)
   932 | D:3      | Killed Kraw's ghost
   932 | D:3      | Reached skill level 5 in Armour
   932 | D:3      | Reached skill level 1 in Dodging
   932 | D:3      | Reached XP level 5. HP: 44/47 MP: 2/2
  1234 | D:3      | Reached skill level 5 in Shields
  1378 | D:4      | Noticed Blork the orc
  1403 | D:4      | Reached XP level 6. HP: 22/55 MP: 3/3
  1835 | D:4      | Found a stormy altar of Qazlal.
  1847 | D:4      | Killed Blork the orc
  1847 | D:4      | Reached skill level 5 in Fighting
  1859 | D:4      | Found Duycyuhy's Antique Armour Emporium.
  2175 | D:4      | Noticed an ogre
  2185 | D:4      | Killed an ogre
  2185 | D:4      | Reached XP level 7. HP: 31/61 MP: 3/3
  2338 | D:4      | Reached skill level 6 in Armour
  2349 | D:4      | Found a white marble altar of Elyvilon.
  2512 | D:5      | Entered Level 5 of the Dungeon
  2517 | D:5      | Reached skill level 5 in Axes
  2796 | D:5      | Found a staircase to the Ecumenical Temple.
  2803 | D:5      | Reached XP level 8. HP: 40/70 MP: 3/3
  2805 | D:5      | Reached skill level 5 in Dodging
  2834 | Temple   | Entered the Ecumenical Temple
  2919 | Temple   | Became a worshipper of Warmaster Okawaru
  3213 | D:6      | Reached skill level 7 in Armour
  3330 | D:6      | Noticed Ijyb
  3344 | D:6      | Killed Ijyb
  3391 | D:6      | Noticed Grinder
  3419 | D:6      | Paralysed by Grinder for 3 turns
  3425 | D:6      | Gained mutation: You have sharp toenails. [potion of mutation]
  3425 | D:6      | Gained mutation: You are partially covered in rugged brown scales (AC +1, +3% HP). [potion of mutation]
  3425 | D:6      | Lost mutation: You have sharp toenails. [potion of mutation]
  3431 | D:6      | Killed Grinder
  4078 | D:7      | Acquired Okawaru's first power
  4134 | D:7      | Reached XP level 9. HP: 33/80 MP: 4/4
  4456 | D:7      | Found a runed door.
  4463 | D:7      | Reached skill level 8 in Armour
  4476 | D:7      | Found a basalt altar of Yredelemnul.
  4625 | D:8      | Found Gurhu's Book Emporium.
  4628 | D:8      | Found Shonagad's Armour Emporium.
  4790 | D:8      | Noticed Grum
  4809 | D:7      | HP: 4/81 [wolf[Grum] (6)]
  5146 | D:8      | Killed Grum
  5169 | D:8      | Found Twoapi Nyta's Assorted Antiques.
  5178 | D:8      | Bought a scroll labeled FUILASKASAE for 36 gold pieces
  5180 | D:8      | Bought a scroll labeled YFISONTU JATHAEPRY for 36 gold pieces
  5180 | D:8      | Bought an encrusted ivory ring for 180 gold pieces
  5362 | D:8      | Found Qocruo Clucs' Armour Shoppe.
  5485 | D:8      | Noticed Gastronok
  5507 | D:8      | Killed from afar by Gastronok

Action                   |  1- 3 |  4- 6 |  7- 9 || total
-------------------------+-------+-------+-------++-------
Melee: War axe           |    42 |   129 |   306 ||   477
  Use: Potion            |       |     1 |     3 ||     4
       Scroll            |       |     7 |    15 ||    22
  Eat: Chunk             |       |     1 |       ||     1
       Fruit             |       |     3 |     5 ||     8
       Bread ration      |       |       |     1 ||     1
       Meat ration       |       |       |     1 ||     1
